 Dungeon Crawl Stone Soup version 0.30-a0-371-gad7725a93e (webtiles) character file.

Game seed: 3161212990838112771

190 bande the Trooper (level 5, -4/34 HPs)
             Began as a Gargoyle Fighter on Nov 22, 2022.
             Slain by a gnoll
             ... wielding a +0 flail
              (6 damage)
             ... on level 3 of the Dungeon.
             The game lasted 00:03:21 (2199 turns).

bande the Trooper (Gargoyle Fighter)                Turns: 2199, Time: 00:03:22

Health: -4/34      AC: 12    Str: 19    XL:     5   Next: 69%
Magic:  5/5        EV:  9    Int:  9    God:
Gold:   135        SH:  4    Dex: 11    Spells: 4/4 levels left

rFire   . . .      SeeInvis .    a - +0 war axe
rCold   + . .      Faith    .    c - +0 buckler
rNeg    + . .      Spirit   .    n - +1 scale mail {rC+}
rPois   ∞          Reflect  .    (no helmet)
rElec   +          Harm     .    (no cloak)
rCorr   .          Rampage  .    (no gloves)
Will    .....                    (no boots)
Stlth   ..........               (no amulet)
HPRegen 0.25/turn                (no ring)
MPRegen 0.09/turn                (no ring)

@: no status effects
A: sickness immunity, AC +4, negative energy resistance 1, electricity
resistance, torment resistance 1, petrification resistance
a: no special abilities


You were on level 3 of the Dungeon.
You visited 1 branch of the dungeon, and saw 3 of its levels.

You collected 135 gold pieces.

Inventory:

Hand Weapons
 a - a +0 war axe (weapon)
Armour
 b - a +0 scale mail
 c - a +0 buckler (worn)
 n - a +1 scale mail of cold resistance (worn)
Jewellery
 f - a ring of flight
Wands
 o - a wand of roots (1)
Scrolls
 e - a scroll of enchant weapon {unknown}
 l - a scroll of amnesia {unknown}
 m - a scroll of identify
Potions
 d - a potion of might
 g - a potion of mutation {unknown}
 h - 2 potions of heal wounds
 i - a potion of ambrosia
 j - a potion of invisibility {unknown}
 k - 3 potions of curing


   Skills:
 + Level 4.4 Fighting
 + Level 3.5 Axes
 + Level 4.4 Armour
 + Level 3.8 Shields


You had 4 spell levels left.
You didn't know any spells.
Your spell library was empty.

Dungeon Overview and Level Annotations

Branches:
Dungeon (3/15)

Altars:


Innate Abilities, Weirdness & Mutations

You are immune to sickness and miasma.
Your stone body is resilient. (AC +4)
You are immune to poison.
You resist negative energy. (rN+)
You are resistant to electric shocks. (rElec)
You are resistant to unholy torment.
You are immune to petrification.


Message History

You continue putting on your +1 scale mail of cold resistance. x5
The gnoll shouts!
You finish putting on your +1 scale mail of cold resistance.
You feel resistant to cold. The gnoll hits you with a +0 spear.
* * * LOW HITPOINT WARNING * * *
You see here the felid corpse of Natasha.
You slash the gnoll!
You kill the gnoll!
A gnoll comes into view. It is wielding a +0 flail.
A gnoll comes into view. It is wielding a +0 spear.
Things that are here:
a +0 spear; a +0 trident; a gnoll corpse You hit the gnoll.
The gnoll is moderately wounded.
The gnoll barely misses you.
You closely miss the gnoll.
The gnoll is moderately wounded.
The gnoll hits you from afar with a +0 spear.
* * * LOW HITPOINT WARNING * * *
The gnoll hits you but does no damage.
The gnoll hits you from afar with a +0 spear.
* * * LOW HITPOINT WARNING * * *
The gnoll closely misses you. The gnoll hits you but does no damage.
The gnoll closely misses you.
You slash the gnoll!
The gnoll is heavily wounded.
You barely miss the gnoll. The gnoll hits you but does no damage.
The gnoll hits you with a +0 spear.
* * * LOW HITPOINT WARNING * * *
You slash the gnoll!
You kill the gnoll!
You hit the gnoll. The gnoll hits you with a +0 flail.
* * * LOW HITPOINT WARNING * * *
The gnoll hits you but does no damage.
Unknown command.
You closely miss the gnoll.
The gnoll is heavily wounded.
The gnoll hits you with a +0 flail.
You die...

.............>..†.
##.#...#.####..).
#.#...#.# ###.# #
#.#...#.# #.# #.
##.#...#.# #.#
#.##.....†#.# ...
.....).....### #.#
#).##.......# #.#
###@g##.#####.#
#....)†....# #
#.#...#...#.#
#.#..(#..##
..........#
#.#.##..#.....
#.#. #.......## #
# #.###.### #.. ..


You could see a gnoll.

Vanquished Creatures
  Natasha (thrice) (D:3)
  Terence (D:3)
  2 gnolls (D:3)
  An adder (D:2)
  9 endoplasms
  4 giant cockroaches
  4 goblins
  5 hobgoblins
  2 jackals (D:2)
  5 quokkas
  4 ball pythons (D:2)
  8 bats
  4 frilled lizards
  A kobold (D:1)
  10 rats
63 creatures vanquished.

Vanquished Creatures (others)
  A withered plant (D:1)
1 creature vanquished.

Grand Total: 64 creatures vanquished

Notes
Turn   | Place    | Note
-------+----------+-------------------------------------------
     0 | D:1      | bande the Gargoyle Fighter began the quest for the Orb.
     0 | D:1      | Reached XP level 1. HP: 14/14 MP: 1/1
   417 | D:1      | Reached XP level 2. HP: 20/20 MP: 2/2
   474 | D:1      | Found a faded altar of an unknown god.
   723 | D:1      | Reached XP level 3. HP: 24/24 MP: 3/3
  1759 | D:2      | Reached XP level 4. HP: 25/29 MP: 4/4
  1978 | D:3      | Noticed Natasha
  1985 | D:3      | Killed Natasha
  1991 | D:3      | Noticed Natasha
  2000 | D:3      | Killed Natasha
  2001 | D:3      | Reached XP level 5. HP: 9/33 MP: 5/5
  2150 | D:3      | Noticed Natasha
  2152 | D:3      | Noticed Terence
  2159 | D:3      | Killed Natasha
  2174 | D:3      | Killed Terence
  2199 | D:3      | Slain by a gnoll

Illustrated notes

Levels and vault maps discovered:
D:1:      dpeg_arrival_brainrot, layout_basic, shapermc_ecumenical_altar_gd
D:2:      layout_basic
D:3:      layout_loops_cross, kennysheep_donut, uniq_natasha, uniq_terence,
          uniq_robin

Skill      XL: |  1  2  3  4 |
---------------+-------------+-----
Axes           | 2 3 |  3.5
Fighting       | 4 |  4.4
Armour         | 4 |  4.4
Shields        | |  3.8

Action                   |  1- 3 |  4- 6 || total
-------------------------+-------+-------++-------
Melee: War axe           |   148 |    47 ||   195
  Use: Scroll            |     5 |       ||     5
Armor: Scale mail        |    71 |    20 ||    91
Dodge: Dodged            |    73 |    20 ||    93
Block: Buckler           |    34 |    10 ||    44

Table legend: (Time is in decaauts)
 A = Elapsed time spent in this place.
 B = Non-inter-level travel time spent in this place.
 C = Inter-level travel time spent in this place.
 D = Time resting spent in this place.
 E = Time spent auto-exploring this place.
 F = Levels seen in this place.
 G = Mean time per level.
                   A        B        C        D        E       F      G
               +--------+--------+--------+--------+--------+-----+--------+
         Total |   2281 |   2257 |     24 |    156 |   1583 |   3 |  760.3 |
       Dungeon |   2281 |   2257 |     24 |    156 |   1583 |   3 |  760.3 |
               +--------+--------+--------+--------+--------+-----+--------+

Top non-repeatable levels by time:
     D:1: 1160 daAuts
     D:2: 798 daAuts
     D:3: 322 daAuts
